 Dungeon Crawl Stone Soup version 0.29-a0-72-g1732ff48e7 (webtiles) character file.

Game seed: 1313762222669977688

646 timneilson the Shield-Bearer (level 7, -1/44 HPs)
             Began as a Gargoyle Fighter on Feb 4, 2022.
             Slain by a river rat (7 damage)
             ... summoned by Eustachio
             ... on level 5 of the Dungeon.
             The game lasted 00:06:56 (3956 turns).

timneilson the Shield-Bearer (Gargoyle Fighter)     Turns: 3956, Time: 00:06:57

Health: -1/44      AC: 15    Str: 21    XL:     7   Next: 52%
Magic:  7/7        EV: 14    Int:  9    God:
Gold:   73         SH:  5    Dex:  9    Spells: 6/6 levels left

rFire   . . .      SeeInvis +   k - +0 scimitar (flame)
rCold   . . .      Faith    .   c - +0 buckler
rNeg    + . .      Spirit   .   b - +0 scale mail
rPois   ∞          Reflect  .   (no helmet)
rElec   +          Harm     .   (no cloak)
rCorr   .          Rampage  .   (no gloves)
Will    .....                   h - +2 pair of boots
Stlth   ..........              (no amulet)
HPRegen 0.14/turn               o - +4 ring of evasion
MPRegen 0.10/turn               j - ring of see invisible

@: flying
A: sickness immunity, AC +4, negative energy resistance 1, electricity
resistance, torment resistance 1, petrification resistance
a: no special abilities


You were on level 5 of the Dungeon.
You visited 1 branch of the dungeon, and saw 5 of its levels.

You collected 192 gold pieces.
You spent 119 gold pieces at shops.

Inventory:

Hand Weapons
 a - a +0 spectral long sword
 k - a +0 scimitar of flaming (weapon)
Armour
 b - a +0 scale mail (worn)
 c - a +0 buckler (worn)
 h - a +2 pair of boots (worn)
 i - a +3 tower shield
Jewellery
 j - a ring of see invisible (right hand)
 l - a ring of flight
 o - a +4 ring of evasion (left hand)
Wands
 m - a wand of polymorph (4)
 s - a wand of digging (3)
Scrolls
 q - a scroll of brand weapon
 t - a scroll of fear
Potions
 d - 2 potions of might
 e - 4 potions of attraction
 n - 4 potions of lignification


   Skills:
 + Level 4.4 Fighting
 * Level 3.9 Long Blades
 * Level 5.4 Armour
 + Level 2.0 Dodging
 * Level 5.4 Shields


You had 6 spell levels left.
You didn't know any spells.
Your spell library contained the following spells:

 Spells                   Type           Power      Damage    Failure   Level
 Foxfire                  Conj/Fire      0%         2x1d4     80%         1
 Sandblast                Erth           0%         2d4       80%         1
 Sting                    Tmut/Pois      0%         1d3       80%         1
 Passwall                 Tmut/Erth      0%         N/A       90%         2
 Poisonous Vapours        Pois/Air       0%         N/A       90%         2
 Conjure Flame            Conj/Fire      0%         6-21      99%         3
 Gell's Gravitas          Tloc           0%         N/A       99%         3
 Inner Flame              Hex/Fire       0%         N/A       99%         3
 Stone Arrow              Conj/Erth      0%         3d7       99%         3
 Summon Guardian Golem    Hex/Summ       0%         N/A       99%         3
 Teleport Other           Tloc           0%         N/A       99%         3
 Flame Wave               Conj/Fire      0%         2d4       100%        4
 Olgreb's Toxic Radiance  Pois           0%         N/A       100%        4
 Dispersal                Tloc           0%         N/A       100%        6
 Orb of Destruction       Conj           0%         9d5       100%        7
 Spellforged Servitor     Conj/Summ      0%         N/A       100%        7


Dungeon Overview and Level Annotations

Branches:
Dungeon (5/15)
 Temple: D:4-7

Altars:

Shops:
D:2 (   D:3 *

Annotations:
D:5 Eustachio


Innate Abilities, Weirdness & Mutations

You are immune to sickness and miasma.
Your stone body is resilient. (AC +4)
You are immune to poison.
You resist negative energy. (rN+)
You are resistant to electric shocks. (rElec)
You are resistant to unholy torment.
You are immune to petrification.


Message History

The quokka bites you but does no damage.
The river rat bites you but does no damage.
The bat closely misses you.
Your Dodging skill increases to level 2!
You barely miss Eustachio.
The sentinel's mark upon you fades away.
You block the bat's attack. The bat completely misses you.
Eustachio gestures wildly while chanting.
The quokka bites you.
* * * LOW HITPOINT WARNING * * *
The river rat bites you but does no damage.
You block the bat's attack. Eustachio closely misses you.
The quokka misses you.
It was a potion of flight.
You feel very buoyant.
You fly up into the air.
The bat closely misses you. You block the bat's attack.
The river rat barely misses you. The quokka barely misses you.
The bat closely misses you. You block Eustachio's attack.
You feel better. The bat hits you but does no damage.
The river rat barely misses you. The quokka bites you.
* * * LOW HITPOINT WARNING * * *
The bat barely misses you. You block Eustachio's attack.
You barely miss Eustachio. You block the bat's attack.
The quokka closely misses you. The river rat completely misses you.
You block Eustachio's attack.
You miss Eustachio.
The quokka bites you but does no damage.
You block the river rat's attack. The ice beast misses you.
A gnoll comes into view. It is wielding a +0 flail.
Eustachio hits you with a +0 rapier!
* * * LOW HITPOINT WARNING * * *
The iron imp shouts, "Scamper home, thou fulsome onion-eyed buzzard-bait!"
The quokka bites you but does no damage.
The river rat closely misses you. The ice beast misses you.
You closely miss Eustachio.
The gnoll shouts!
The quokka bites you but does no damage.
You block Eustachio's attack. The river rat bites you!
You die...

... #<.......
.##.###........
...............
.......<.......
..###.........#
##....###.#
##555..#.##.
##@r#....g.
##@rs#.# ##Yb#
# #).# #....
...#...
...##### ##.##
#.# #.#


You could see Eustachio, an ice beast, a scorpion, an iron imp (summoned), a
quasit (summoned), a gnoll, a river rat (summoned), an ufetubus (summoned), a
quokka (summoned) and a bat (summoned).

Vanquished Creatures
  2 ogres (D:5)
  A centaur (D:5)
  Blork the orc (D:4)
  A bullfrog (D:3)
  A scorpion (D:4)
  A hound (D:5)
  An iguana (D:2)
  Terence (D:3)
  4 adders
  2 worms (D:2)
  4 dart slugs
  7 orcs
  6 ball pythons
  8 bats
  6 endoplasms
  3 giant cockroaches
  5 hobgoblins
  3 jackals (D:1)
  7 kobolds
  2 quokkas
  3 frilled lizards
  5 goblins
  4 rats
78 creatures vanquished.

Vanquished Creatures (others)
  2 fungi (D:2)
2 creatures vanquished.

Grand Total: 80 creatures vanquished

Notes
Turn   | Place    | Note
-------+----------+-------------------------------------------
     0 | D:1      | timneilson the Gargoyle Fighter began the quest for the
                  | Orb.
     0 | D:1      | Reached XP level 1. HP: 14/14 MP: 1/1
    92 | D:1      | Reached XP level 2. HP: 19/19 MP: 2/2
   552 | D:1      | Reached XP level 3. HP: 19/23 MP: 3/3
  1395 | D:2      | Reached XP level 4. HP: 25/28 MP: 4/4
  1683 | D:2      | Found Efotien's Weapon Emporium.
  1779 | D:2      | Found a faded altar of an unknown god.
  2061 | D:3      | Reached skill level 1 in Dodging
  2161 | D:2      | Bought a +0 scimitar of flaming for 119 gold pieces
  2184 | D:3      | Found Tokh's General Store.
  2265 | D:3      | Noticed Terence
  2285 | D:3      | Killed Terence
  2286 | D:3      | Reached XP level 5. HP: 26/33 MP: 5/5
  2513 | D:3      | Reached XP level 6. HP: 36/38 MP: 6/6
  3062 | D:4      | Noticed Blork the orc
  3069 | D:4      | Killed Blork the orc
  3921 | D:5      | Entered Level 5 of the Dungeon
  3927 | D:5      | Noticed Eustachio
  3930 | D:5      | Reached skill level 5 in Armour
  3930 | D:5      | Reached skill level 5 in Shields
  3930 | D:5      | Reached XP level 7. HP: 43/43 MP: 7/7
  3956 | D:5      | Slain by a river rat

Illustrated notes

Levels and vault maps discovered:
D:1:      elethiomel_arrival_shortcut, layout_rooms,
          hangedman_abyss_or_decor_stabs, minmay_octomino_c4
D:2:      layout_basic, serial_shops, nicolae_square_shop,
          shapermc_ecumenical_altar_ellora
D:3:      layout_loops_ring, serial_glass, glass_columns_b, glass_columns_c,
          glass_columns_a, glass_columns_b, serial_shops, nicolae_shop_stone,
          eino_curves_04, minmay_circle_x, uniq_terence
D:4:      layout_basic, nicolae_figureground_pulse, uniq_blork_the_orc
D:5:      layout_loops_cross, lemuel_doored_altar, fedhas_altar_1,
          mainiacjoe_overflow_six_doors_small, nemelex_spade_bored_becter,
          gammafunk_ghost_nasty_kobolds, nicolae_ossuary_entry_catacombs,
          uniq_eustachio

Skill      XL: |  1  2  3  4  5  6  7 |
---------------+----------------------+-----
Long Blades    | 2 3 |  3.9
Shields        | 4 5 |  5.4
Armour         | 4 5 |  5.4
Dodging        | 1 2 |  2.0
Fighting       | 4 |  4.4

Action                   |  1- 3 |  4- 6 |  7- 9 || total
-------------------------+-------+-------+-------++-------
Melee: Long sword        |   109 |    32 |       ||   141
       Scimitar          |       |    89 |    23 ||   112
  Use: Scroll            |     6 |     7 |       ||    13
       Potion            |       |       |     2 ||     2
Armor: Scale mail        |    65 |    33 |    35 ||   133
Dodge: Dodged            |    43 |    85 |    78 ||   206
Block: Buckler           |    21 |    22 |    29 ||    72

Table legend: (Time is in decaauts)
 A = Elapsed time spent in this place.
 B = Non-inter-level travel time spent in this place.
 C = Inter-level travel time spent in this place.
 D = Time resting spent in this place.
 E = Time spent auto-exploring this place.
 F = Levels seen in this place.
 G = Mean time per level.
                   A        B        C        D        E       F      G
               +--------+--------+--------+--------+--------+-----+--------+
         Total |   4030 |   3826 |    204 |     28 |   3030 |   5 |  806.0 |
       Dungeon |   4030 |   3826 |    204 |     28 |   3030 |   5 |  806.0 |
               +--------+--------+--------+--------+--------+-----+--------+

Top non-repeatable levels by time:
     D:2: 1233 daAuts
     D:4: 929 daAuts
     D:1: 924 daAuts
     D:3: 902 daAuts
     D:5: 40 daAuts
